 Dungeon Crawl Stone Soup version 0.18-a0-1572-g0a86841 (webtiles) character file.

17508 M4edhros the Cruncher (level 12, -6/74 HPs)
             Began as an Octopode Chaos Knight on Mar 15, 2016.
             Was an Initiate of Gozag.
             Mangled by a white ugly thing (17 damage)
             ... on level 11 of the Dungeon.
             The game lasted 00:44:09 (43319 turns).

M4edhros the Cruncher (Octopode Chaos Knight)      Turns: 43319, Time: 00:44:09

Health: -6/74      AC:  6    Str: 20    XL:     12   Next: 48%
Magic:  20/20      EV: 20    Int: 14    God:    Gozag
Gold:   1501       SH:  0    Dex: 20    Spells: 4 memorised, 8 levels left

rFire  . . .     SeeInvis +     t - +8 quarterstaff (chaos)
rCold  + . .     Gourm    .     (shield currently unavailable)
rNeg   + . .     Faith    .     (helmet restricted)
rPois  .         Spirit   .     C - amulet of magic regeneration
rElec  .         Dismiss  .     s - ring of fire
rCorr  .         Reflect  .     f - ring of protection from cold
SustAt .         Harm     .     u - ring of Piq Yturo {Ice MR+ Str+6 Dex+4 Stlth-}
MR     +....                    y - ring of positive energy
Stlth  +++.......               (no ring)
                                (no ring)
                                (no ring)
                                (no ring)

@: gold aura, somewhat resistant to hostile enchantments, fairly stealthy
A: almost no armour, amphibious, 8 rings, constrict 8, tentacle spike 1, thin
metallic scales 1, yellow scales 1, camouflage 1, see invisible, screaming 1,
shaggy fur 1, strong 1, wild magic 1, gelatinous body 1, evolution 1
a: Potion Petition, Call Merchant, Bribe Branch, Renounce Religion


You were on level 11 of the Dungeon.
You worshipped Gozag.
Gozag was noncommittal.
You were hungry.

You visited 2 branches of the dungeon, and saw 13 of its levels.
You also visited: Ossuary.

You collected 3834 gold pieces.
You paid 2333 gold pieces to Gozag.

Inventory:

Hand Weapons
 a - a +0 spear of chaos
 g - a +0 short sword of venom
 i - a +0 war axe of chaos
 t - a +8 quarterstaff of chaos (weapon)
Missiles
 m - 58 sling bullets
Jewellery
 f - a ring of protection from cold (right tentacle)
 s - a ring of fire (left tentacle)
 u - the ring of Piq Yturo (on tentacle) {Ice MR+ Str+6 Dex+4 Stlth-}
   (You found it on level 6 of the Dungeon)

   [ring of ice]

   It enhances your ice magic, and weakens your fire magic.
   It affects your strength (+6).
   It affects your dexterity (+4).
   It makes you vulnerable to fire.
   It protects you from cold.
   It affects your resistance to hostile enchantments.
   It makes you less stealthy.
 y - a ring of positive energy (on tentacle)
 C - an amulet of magic regeneration (around mantle)
Wands
 n - a wand of confusion (15/48)
 r - a wand of hasting (5/9)
 A - a wand of disintegration (8/24)
 B - a wand of paralysis (11/24)
 F - a wand of heal wounds (0/9)
 I - a wand of lightning (6/15)
 O - a wand of lightning (9/15)
Scrolls
 d - 2 scrolls of noise
 e - 2 scrolls of identify
 k - 3 scrolls of enchant armour
 q - 4 scrolls of remove curse
 v - a scroll of magic mapping
 x - 3 scrolls of immolation
 G - 2 scrolls of vulnerability
 K - a scroll of teleportation
 N - a scroll of fog
Potions
 c - 3 potions of degeneration
 h - 4 potions of flight
 j - 2 potions of might
 p - a potion of cancellation
 z - a potion of cure mutation
 E - 2 potions of magic
Books
 b - a book of the Dragon

   Spells                             Type                      Level
   a - Flame Tongue                   Conjuration/Fire             1
   b - Cause Fear                     Hexes                        4
   c - Bolt of Fire                   Conjuration/Fire             6
   d - Dragon Form                    Transmutation                7
   e - Dragon's Call                  Summoning                    9
 l - a book of Minor Magic

   Spells                             Type                      Level
   a - Magic Dart                     Conjuration                  1
   b - Blink                          Translocation                2
   c - Call Imp                       Summoning                    2
   d - Repel Missiles                 Charms/Air                   2
   e - Slow                           Hexes                        2
   f - Conjure Flame                  Conjuration/Fire             3
   g - Mephitic Cloud                 Conjuration/Poison/Air       3
 D - a book of Clouds

   Spells                             Type                      Level
   a - Mephitic Cloud                 Conjuration/Poison/Air       3
   b - Conjure Flame                  Conjuration/Fire             3
   c - Poisonous Cloud                Conjuration/Poison/Air       6
   d - Freezing Cloud                 Conjuration/Ice/Air          6
   e - Ring of Flames                 Charms/Fire                  7
 H - Kikubaaqudgha's Compendium of Unholy Magic
   (You found it on level 9 of the Dungeon)

   Spells                             Type                      Level
   a - Pain                           Necromancy                   1
 L - a book of Power

   Spells                             Type                      Level
   a - Fulminant Prism                Conjuration/Hexes            4
   b - Iskenderun's Mystic Blast      Conjuration                  4
   c - Venom Bolt                     Conjuration/Poison           5
   d - Bolt of Magma                  Conjuration/Fire/Earth       5
   e - Iron Shot                      Conjuration/Earth            6
   f - Orb of Destruction             Conjuration                  7
   g - Spellforged Servitor           Conjuration/Summoning        7
 P - a book of Maledictions

   Spells                             Type                      Level
   a - Corona                         Hexes                        1
   b - Ensorcelled Hibernation        Hexes/Ice                    2
   c - Confuse                        Hexes                        3
   d - Tukima's Dance                 Hexes                        3
   e - Dazzling Spray                 Conjuration/Hexes            3
Miscellaneous
 J - a lamp of fire
Comestibles
 o - 4 royal jellies
 w - 3 fruits
 M - a bread ration


   Skills:
 - Level 3.8 Fighting
 - Level 4.8(8.2) Polearms
 + Level 10.2(10.7) Staves
 * Level 9.2 Dodging
 - Level 4.1 Stealth
 + Level 5.8 Spellcasting
 + Level 5.5 Conjurations
 - Level 5.0 Charms
 + Level 7.1 Air Magic
 + Level 7.8 Poison Magic


You had 8 spell levels left.
You knew the following spells:

 Your Spells              Type           Power        Failure   Level  Hunger
a - Repel Missiles        Chrm/Air       ####..       5%          2    #......
b - Mephitic Cloud        Conj/Pois/Air  ####....     9%          3    ###....
c - Venom Bolt            Conj/Pois      ####......   45%         5    ######.
d - Fulminant Prism       Conj/Hex       ###.......   73%         4    ####...


Dungeon Overview and Level Annotations

Branches:
Dungeon (12/15)            Temple (1/1) D:5            Lair (0/8) D:11
    Orc (0/2) D:10

Altars:
Ashenzari
Cheibriados
Dithmenos
Elyvilon
Fedhas
Gozag
Kikubaaqudgha
Makhleb
Nemelex Xobeh
Okawaru
Pakellas
Qazlal
Ru
Sif Muna
Trog
Vehumet
Xom
Yredelemnul
Zin
The Shining One
Beogh

Shops:
D:5 }   D:7 }   Temple =**

Annotations:
D:11 Maud, Urug


Innate Abilities, Weirdness & Mutations

You cannot wear most types of armour.
You are amphibious.
You can wear up to eight rings at the same time.
You can use your tentacles to constrict eight enemies at once.
Your skin changes colour to match your surroundings (Stealth).
Your rubbery body absorbs attacks (AC +1).
One of your tentacles bears a spike.
You are partially covered in thin metallic scales (AC +2).
You are partially covered in yellow scales (AC +2).
You have supernaturally acute eyesight.
You occasionally shout uncontrollably at your foes.
You are covered in fur (AC +1).
Your muscles are strong. (Str +2)
Your spells are a little harder to cast, but a little more powerful.
You evolve.


Message History

Evoke which item? (* to show all) (? for menu, Esc to quit)
Okay, then.
You sock the white ugly thing!
The white ugly thing seems to speed up.
You grab the white ugly thing.
The white ugly thing is lightly wounded.
You constrict the white ugly thing.
The white ugly thing is distracted by your gold.
Unknown command.
Unknown command.
You thump the white ugly thing!
The white ugly thing is no longer distracted by gold.
You pierce the white ugly thing, but do no damage.
You squeeze the white ugly thing.
The white ugly thing is heavily wounded.
You constrict the white ugly thing. The white ugly thing bites you!
* * * LOW HITPOINT WARNING * * *
The white ugly thing freezes you! You resist.
You die...
Xom howls with laughter!
Your body crumbles into a pile of gold.

......########..............#
...... #..........>...#
...... #...######.....# ..
#...# #.....# #...# #.....#
#...# #.....# #...# #.....#
###'#+##u..# #.....#
.......@...# #..####
...........# #..#
##########..... ...# .....
...... ...... .....


You could see a white ugly thing.

Vanquished Creatures
  Josephine (D:12)
  Erolcha (D:9)
  4 hill giants
  Pikel (D:6)
  An ugly thing (D:12)
  Maurice (D:11)
  2 gargoyles (D:12)
  A komodo dragon (D:11)
  3 trolls (D:12)
  2 two-headed ogres
  4 wraiths (D:12)
  5 yaks
  3 shadows
  A wyvern (D:11)
  5 hippogriffs
  3 hungry ghosts
  A hog (shapeshifter) (D:8)
  Edmund (D:6)
  Duvessa (D:7)
  3 sky beasts
  8 orc warriors
  3 ice beasts
  A slave (D:6)
  3 wasps (D:10)
  4 ogres
  4 phantoms
  2 necrophages
  3 crocodiles (D:11)
  4 centaurs
  13 giant frogs
  Dowan (D:7)
  2 scorpions
  4 killer bees
  2 howler monkeys
  A wight (D:12)
  5 crimson imps
  A quasit (D:8)
  3 giant frog zombies
  3 centaur zombies
  9 orc priests
  Crazy Yiuf (D:2)
  3 hounds
  5 jellies
  15 orc wizards
  6 centaur skeletons
  2 giant frog skeletons
  7 iguanas
  9 worker ants
  8 big kobold zombies (Ossuary)
  A mummy (Ossuary)
  A hound zombie (D:11)
  13 adders
  16 gnolls
  A howler monkey skeleton (D:6)
  4 river rats
  2 shadow imps
  3 oozes
  4 worms
  A dart slug (D:2)
  8 giant geckos
  61 orcs
  A spectral bat (Ossuary)
  6 giant cockroaches
  14 goblins
  5 hobgoblins
  10 jackals
  16 kobolds
  2 quokkas
  21 bats
  6 bat simulacra (Ossuary)
  3 giant newts
  3 gnoll zombies (Ossuary)
  A goblin simulacrum (Ossuary)
  5 goblin zombies (Ossuary)
  6 hobgoblin zombies (Ossuary)
  A kobold simulacrum (Ossuary)
  4 kobold zombies (Ossuary)
  3 orc zombies (Ossuary)
  11 rats
  2 rat simulacra (Ossuary)
  4 spectral goblins (Ossuary)
  2 spectral kobolds (Ossuary)
  2 spectral rats (Ossuary)
  2 fungi (D:2)
421 creatures vanquished.

Vanquished Creatures (collateral kills)
  A hill giant (D:10)
1 creature vanquished.

Vanquished Creatures (others)
  A slave (D:6)
  An ogre (D:6)
  A worker ant (D:6)
  A fungus (D:11)
4 creatures vanquished.

Grand Total: 426 creatures vanquished

Notes
Turn   | Place    | Note
--------------------------------------------------------------
     0 | D:1      | M4edhros the Octopode Chaos Knight began the quest for the Orb.
     0 | D:1      | Reached XP level 1. HP: 16/16 MP: 1/1
    56 | D:1      | XOM: harmless Fire miscast
   187 | D:1      | Reached XP level 2. HP: 21/21 MP: 2/2
   255 | D:1      | XOM: harmless Tloc miscast
   298 | D:1      | XOM: harmless Chrm miscast
   597 | D:1      | Reached XP level 3. HP: 26/26 MP: 3/3
   833 | D:2      | Reached skill level 1 in Stealth
  1017 | D:2      | XOM: harmless Pois miscast
  1033 | D:2      | Reached XP level 4. HP: 31/31 MP: 4/4
  1415 | D:2      | XOM: medium Pois miscast
  1746 | D:2      | Reached XP level 5. HP: 37/37 MP: 5/5
  1984 | D:2      | Noticed Crazy Yiuf
  1996 | D:2      | Killed Crazy Yiuf
  2002 | D:2      | XOM: harmless Trmt miscast
  2057 | D:3      | XOM: silly message
  2080 | D:3      | XOM: colour smoke trail
  2275 | D:3      | XOM: severe Pois miscast
  2295 | D:3      | XOM: colour smoke trail
  2387 | D:3      | XOM: divination: detect items
  2507 | D:3      | XOM: god gift: meat ration
  2714 | D:3      | XOM: give mutations
  2714 | D:3      | Gained mutation: Your spells are a little harder to cast, but a little more powerful. [Xom's grace]
  2714 | D:3      | Gained mutation: You evolve. [Xom's grace]
  2714 | D:3      | Gained mutation: You are robust (+10% HP). [Xom's grace]
  2967 | D:3      | XOM: 2-stop teleportation journey
  3000 | D:3      | Reached XP level 6. HP: 43/47 MP: 6/6
  3089 | D:4      | XOM: 2-stop teleportation journey
  3109 | D:4      | Reached skill level 1 in Staves
  3230 | D:4      | XOM: give mutation
  3230 | D:4      | Gained mutation: Your mind is acute. (Int +2) [Xom's grace]
  3273 | D:4      | Reached skill level 2 in Staves
  3457 | D:4      | Noticed a phantom
  3475 | D:4      | Killed a phantom
  3475 | D:4      | Reached skill level 3 in Staves
  3733 | D:4      | Reached XP level 7. HP: 47/51 MP: 7/7
  4015 | D:4      | Reached skill level 4 in Staves
  4033 | D:4      | XOM: polymorph orc -> bat
  4225 | D:5      | Entered Level 5 of the Dungeon
  4229 | D:5      | Found a sand-covered staircase.
  4235 | Ossuary  | Entered an ossuary
  4241 | Ossuary  | XOM: give mutation
  4241 | Ossuary  | Gained mutation: You possess an exceptional clarity of mind. [Xom's grace]
  4321 | Ossuary  | XOM: harmless Pois miscast
  4448 | Ossuary  | Reached skill level 5 in Staves
  4551 | Ossuary  | Lost mutation: You possess an exceptional clarity of mind. [evolution]
  4674 | D:5      | Found Wussuf's Gadget Shop.
  4739 | D:5      | Found a staircase to the Ecumenical Temple.
  4821 | Temple   | Entered the Ecumenical Temple
  4850 | Temple   | XOM: 2-stop teleportation journey
  4927 | D:5      | XOM: enchant monster (bad)
  5105 | D:5      | XOM: harmless Erth miscast
  5106 | D:5      | Reached skill level 6 in Staves
  5219 | D:5      | Reached XP level 8. HP: 31/59 MP: 8/8
  5235 | D:5      | Gained mutation: You are covered in fur (AC +1). [potion of mutation]
  5235 | D:5      | Gained mutation: Your muscles are strong. (Str +2) [potion of mutation]
  5235 | D:5      | Gained mutation: Your mind is very acute. (Int +4) [potion of mutation]
  5247 | D:5      | XOM: cast spell 'Spider Form'
  5286 | D:5      | XOM: noise
  5308 | D:5      | Gained mutation: You are agile. (Dex +2) [evolution]
  5339 | D:5      | XOM: noise
  5374 | D:5      | XOM: confusion
  5380 | D:5      | XOM: enchant monster (good)
  5425 | D:6      | XOM: stealth player
  5465 | D:6      | XOM: blink monster(s)
  5470 | D:6      | Reached skill level 7 in Staves
  5611 | D:6      | XOM: mild Air miscast
  6097 | D:6      | XOM: harmless Necr miscast
  6112 | D:6      | Found a shattered altar of Ashenzari.
  6113 | D:6      | Found a sacrificial altar of Ru.
  6113 | D:6      | Found a blossoming altar of Fedhas.
  6115 | D:6      | Found a glowing silver altar of Zin.
  6116 | D:6      | Found a bloodstained altar of Trog.
  6146 | D:6      | Noticed Edmund
  6147 | D:6      | XOM: cast spell 'Call Canine Familiar'
  6154 | D:6      | Killed Edmund
  6637 | D:6      | XOM: divination: magic mapping
  6661 | D:6      | XOM: divination: magic mapping
  6772 | Temple   | XOM: god gift: robe {god gift}
  7053 | Temple   | XOM: vitrification
  8449 | Temple   | XOM: harmless Erth miscast
  9684 | Temple   | XOM: silly message
  9885 | Temple   | Lost mutation: You evolve. [evolution]
 10754 | Temple   | XOM: god gift: hardcover book {god gift}
 10840 | Temple   | XOM: silly message
 11360 | Temple   | XOM: mild Air miscast
 11404 | Temple   | XOM: give mutations
 11404 | Temple   | Gained mutation: You are partially covered in rugged brown scales (AC +1, +3% HP). [Xom's grace]
 11404 | Temple   | Gained mutation: You have supernaturally acute eyesight. [Xom's grace]
 11430 | Temple   | XOM: silly message
 11439 | Temple   | XOM: 11-stop teleportation journey
 11712 | Temple   | XOM is BORED!
 11712 | Temple   | XOM: mild Tloc miscast
 11912 | Temple   | XOM: colour smoke trail
 12311 | Temple   | XOM: cast spell 'Summon Butterflies'
 13291 | Temple   | XOM: divination: magic mapping
 13604 | Temple   | XOM: divination: detect creatures
 14207 | Temple   | XOM: harmless Pois miscast
 14728 | Temple   | XOM is BORED!
 14728 | Temple   | XOM: mild Chrm miscast
 15257 | Temple   | XOM: harmless Chrm miscast
 16106 | Temple   | XOM: colour smoke trail
 16177 | Temple   | XOM: mild Necr miscast
 16359 | Temple   | XOM: noise
 16425 | Temple   | XOM: cast spell 'Necromutation'
 16763 | Temple   | XOM is BORED!
 16763 | Temple   | XOM: summons 4 hostile demons
 17025 | Temple   | XOM: divination: detect creatures
 17145 | Temple   | XOM: harmless Fire miscast
 17200 | Temple   | XOM: colour smoke trail
 17220 | Temple   | XOM: cast spell 'Spider Form'
 18310 | Temple   | XOM: mild Air miscast
 18782 | Temple   | XOM: silly message
 19396 | Temple   | XOM: cast spell 'Spider Form'
 19902 | Temple   | XOM: harmless Conj miscast
 20089 | Temple   | XOM: silly message
 20248 | D:5      | XOM: colour smoke trail
 20351 | D:5      | Reached skill level 8 in Staves
 20358 | D:5      | Learned a level 2 spell: Repel Missiles
 20362 | D:5      | Learned a level 3 spell: Mephitic Cloud
 20532 | D:5      | Paralysed by fainting for 9 turns
 20543 | D:5      | Paralysed by fainting for 11 turns
 20554 | D:6      | Paralysed by fainting for 8 turns
 20582 | D:6      | Noticed Pikel
 20592 | D:6      | XOM: summons friendly iron imp
 20593 | D:6      | Killed Pikel
 20593 | D:6      | Reached skill level 1 in Spellcasting
 20593 | D:6      | Reached skill level 1 in Conjurations
 20593 | D:6      | Reached skill level 1 in Charms
 20593 | D:6      | Reached skill level 1 in Air Magic
 20593 | D:6      | Reached XP level 9. HP: 51/65 MP: 8/11
 20602 | D:6      | Got a shimmering marble ring
 20603 | D:6      | Identified the ring of Piq Yturo {Ice MR+ Str+6 Dex+4 Stlth-} (You found it on level 6 of the Dungeon)
 20643 | D:6      | XOM: harmless Air miscast
 20651 | D:6      | XOM: colour smoke trail
 20779 | D:6      | XOM: cast spell 'Ring of Flames'
 21216 | D:7      | Found a shimmering altar of Xom.
 21264 | D:7      | Found a shadowy altar of Dithmenos.
 21542 | D:7      | Found a shimmering altar of Xom.
 21543 | D:7      | Found a shimmering altar of Xom.
 21543 | D:7      | Found a shimmering altar of Xom.
 21551 | D:7      | Found a shimmering altar of Xom.
 21575 | D:7      | Found Elievonga's Gadget Emporium.
 21575 | D:7      | XOM: 2-stop teleportation journey
 21890 | D:7      | XOM: enchant monster (bad)
 22024 | D:7      | Noticed Duvessa
 22025 | D:7      | Noticed Dowan
 22029 | D:7      | Lost mutation: You are robust (+10% HP). [potion of cure mutation]
 22029 | D:7      | Lost mutation: Your mind is very acute. (Int +4) [potion of cure mutation]
 22029 | D:7      | Lost mutation: Your muscles are strong. (Str +2) [potion of cure mutation]
 22029 | D:7      | Lost mutation: Your mind is acute. (Int +2) [potion of cure mutation]
 22029 | D:7      | Lost mutation: You are agile. (Dex +2) [potion of cure mutation]
 22039 | D:7      | Killed Dowan
 22042 | D:7      | Killed Duvessa
 22350 | D:7      | Found a shimmering altar of Xom.
 22383 | D:7      | Found a sparkling altar of Nemelex Xobeh.
 22383 | D:7      | Found a white marble altar of Elyvilon.
 22384 | D:7      | Found a basalt altar of Yredelemnul.
 22423 | D:7      | Found a burning altar of Makhleb.
 22488 | D:8      | XOM: polymorph ogre -> hog
 22655 | D:8      | XOM: colour smoke trail
 22810 | D:8      | XOM: mild Conj miscast
 22982 | D:8      | Reached skill level 5 in Dodging
 22982 | D:8      | Reached XP level 10. HP: 64/64 MP: 14/14
 23298 | D:8      | XOM: 3-stop teleportation journey
 23362 | D:8      | XOM: harmless Pois miscast
 23500 | D:8      | XOM: medium Fire miscast
 24083 | D:8      | Found an iron altar of Okawaru.
 24223 | D:8      | XOM: potion effect (berserk rage)
 24226 | D:8      | XOM: chaos upgrade
 24487 | D:9      | Reached skill level 9 in Staves
 24900 | D:9      | Noticed Erolcha
 24911 | D:9      | Killed Erolcha
 24911 | D:9      | Reached skill level 5 in Poison Magic
 24941 | D:9      | Found a radiant altar of Vehumet.
 24945 | D:9      | Found an ancient bone altar of Kikubaaqudgha.
 24957 | D:9      | Found a deep blue altar of Sif Muna.
 24961 | D:9      | Identified Kikubaaqudgha's Compendium of Unholy Magic
 25121 | D:10     | Entered Level 10 of the Dungeon
 25152 | D:10     | Noticed a hill giant
 25349 | D:10     | Killed a hill giant
 25606 | D:10     | Found a staircase to the Orcish Mines.
 25609 | D:10     | Found a roughly hewn altar of Beogh.
 25617 | D:10     | Reached skill level 5 in Air Magic
 25617 | D:10     | Reached XP level 11. HP: 42/70 MP: 17/17
 25624 | D:10     | XOM: chaos cloud
 25641 | D:10     | Reached skill level 5 in Charms
 25641 | D:10     | XOM: potion effect (curing)
 25652 | D:10     | XOM: confusion (+ monsters)
 25665 | D:10     | XOM: mild Summ miscast
 25675 | D:10     | XOM: polymorph orc -> river rat
 25710 | D:10     | XOM: harmless Chrm miscast
 25790 | D:10     | Learned a level 5 spell: Venom Bolt
 25795 | D:10     | Learned a level 4 spell: Fulminant Prism
 25808 | D:10     | XOM: smoke on damage
 25827 | D:10     | XOM: 5-stop teleportation journey
 25830 | D:10     | Noticed a hill giant
 25868 | D:10     | XOM: mild Necr miscast
 26018 | D:10     | XOM: stat loss: -1 Str (17/18)
 26032 | D:10     | XOM: summons friendly iron imp
 26037 | D:10     | Killed a hill giant
 26780 | Temple   | XOM: vitrification
 27084 | Temple   | XOM: 1-stop teleportation journey
 27216 | Temple   | XOM: divination: detect creatures
 27534 | Temple   | XOM: god gift: 35 gold pieces
 27687 | Temple   | XOM: give mutations
 27687 | Temple   | Lost mutation: Your spells are a little harder to cast, but a little more powerful. [Xom's mischief]
 27687 | Temple   | Gained mutation: Your body sometimes deteriorates upon taking damage. [Xom's mischief]
 27944 | Temple   | XOM: god gift: 2330 gold pieces
 28033 | Temple   | XOM: god gift: meat ration
 28150 | Temple   | XOM: give mutations
 28150 | Temple   | Gained mutation: Your flesh is heat resistant. [Xom's grace]
 28150 | Temple   | Gained mutation: One of your tentacles bears a spike. [Xom's grace]
 28150 | Temple   | Gained mutation: You are partially covered in yellow scales (AC +2). [Xom's grace]
 28309 | Temple   | XOM: stat loss: -1 Str (16/18)
 28341 | Temple   | XOM: colour smoke trail
 28573 | Temple   | XOM: give mutations
 28573 | Temple   | Gained mutation: You are partially covered in thin metallic scales (AC +2). [Xom's grace]
 28573 | Temple   | Gained mutation: You evolve. [Xom's grace]
 28909 | Temple   | XOM: colour smoke trail
 29357 | Temple   | XOM: cast spell 'Ice Form'
 29467 | Temple   | Lost mutation: Your body sometimes deteriorates upon taking damage. [evolution]
 29539 | Temple   | XOM: god gift: scroll of enchant weapon
 29616 | Temple   | XOM is BORED!
 29616 | Temple   | XOM: mild Erth miscast
 29622 | Temple   | XOM: mild Ice miscast
 29641 | Temple   | XOM: medium Tloc miscast
 30009 | Temple   | XOM: harmless Fire miscast
 30033 | Temple   | Paralysed by fainting for 12 turns
 30140 | Temple   | XOM: cast spell 'Necromutation'
 30306 | Temple   | XOM: cast spell 'Spider Form'
 31230 | Temple   | XOM: mild Trmt miscast
 31724 | Temple   | XOM: harmless Pois miscast
 31824 | Temple   | XOM: divination: detect creatures
 32466 | Temple   | XOM: harmless Erth miscast
 33054 | Temple   | XOM is BORED!
 33054 | Temple   | XOM: medium Divn miscast
 33277 | Temple   | XOM: silly message
 34464 | Temple   | XOM: medium Tloc miscast
 34764 | Temple   | XOM: medium Divn miscast
 35284 | Temple   | XOM: mild Ice miscast
 35380 | Temple   | XOM: silly message
 35709 | Temple   | XOM: colour smoke trail
 35860 | Temple   | XOM is BORED!
 35860 | Temple   | XOM: mild Fire miscast
 36167 | Temple   | XOM: give mutations
 36167 | Temple   | Gained mutation: Your mind is acute. (Int +2) [Xom's grace]
 36167 | Temple   | Gained mutation: You have an increased reservoir of magic (+10% MP). [Xom's grace]
 36167 | Temple   | Gained mutation: One of your tentacles bears a nasty spike. [Xom's grace]
 36213 | Temple   | XOM: 1-stop teleportation journey
 36335 | Temple   | XOM: 2-stop teleportation journey
 36493 | Temple   | XOM: god gift: potion of degeneration
 37104 | Temple   | XOM is BORED!
 37104 | Temple   | XOM: noise
 37511 | Temple   | XOM: give mutations
 37511 | Temple   | Lost mutation: You are covered in fur (AC +1). [Xom's mischief]
 37511 | Temple   | Lost mutation: One of your tentacles bears a nasty spike. [Xom's mischief]
 37511 | Temple   | Lost mutation: You are partially covered in rugged brown scales (AC +1, +3% HP). [Xom's mischief]
 37511 | Temple   | Gained mutation: You are frail (-10% HP). [Xom's mischief]
 37869 | Temple   | XOM: stat loss: -1 Dex (18/19)
 38090 | Temple   | XOM: god gift: plate armour {god gift}
 38827 | Temple   | XOM: give mutations
 38827 | Temple   | Gained mutation: You are covered in fur (AC +1). [Xom's grace]
 38827 | Temple   | Gained mutation: Your muscles are strong. (Str +2) [Xom's grace]
 38827 | Temple   | Gained mutation: You are partially covered in slimy green scales (AC +2). [Xom's grace]
 39124 | Temple   | XOM: give mutations
 39124 | Temple   | Gained mutation: You rapidly evolve. [Xom's grace]
 39124 | Temple   | Gained mutation: You possess an exceptional clarity of mind. [Xom's grace]
 39124 | Temple   | Gained mutation: Your spells are a little harder to cast, but a little more powerful. [Xom's grace]
 39571 | Temple   | Fell from the grace of Xom
 39571 | Temple   | Became a worshipper of Gozag Ym Sagoz the Greedy
 40313 | D:10     | XOM: noise
 40529 | D:10     | XOM: give mutations
 40529 | D:10     | Lost mutation: You have an increased reservoir of magic (+10% MP). [Xom's mischief]
 40529 | D:10     | Lost mutation: Your flesh is heat resistant. [Xom's mischief]
 40529 | D:10     | Lost mutation: Your mind is acute. (Int +2) [Xom's mischief]
 40529 | D:10     | Lost mutation: You are partially covered in slimy green scales (AC +2). [Xom's mischief]
 41055 | D:11     | XOM: mild Air miscast
 41065 | D:11     | Found a staircase to the Lair.
 41108 | D:11     | Noticed Maurice
 41117 | D:11     | Killed Maurice
 41171 | D:11     | XOM: 1-stop teleportation journey
 41172 | D:11     | Noticed a manticore
 41175 | D:11     | Noticed Maud
 41200 | D:11     | Noticed a four-headed hydra
 41200 | D:11     | HP: 1/61 [Maud/enchanted eveningstar (20)]
 41203 | D:11     | Noticed a white ugly thing
 41204 | D:11     | Noticed Urug
 41206 | D:12     | XOM: 1-stop teleportation journey
 41207 | D:12     | Noticed a hill giant
 41207 | D:12     | Reached skill level 5 in Spellcasting
 41211 | D:12     | HP: 1/61 [hill giant/giant spiked club (38)]
 41372 | D:12     | XOM: mild Hex miscast
 41494 | D:12     | Killed a hill giant
 41710 | D:12     | Noticed a hill giant
 41717 | D:12     | Killed a hill giant
 41727 | D:12     | Noticed a cyan ugly thing
 41924 | D:12     | Reached XP level 12. HP: 62/66 MP: 19/19
 42017 | D:12     | Reached skill level 10 in Staves
 42219 | D:12     | XOM: summons 3 hostile demons
 42232 | D:12     | Reached skill level 5 in Conjurations
 42347 | D:12     | XOM: severe Conj miscast
 42418 | D:12     | XOM: medium Air miscast
 42947 | D:12     | Noticed Josephine
 43137 | D:12     | Killed Josephine
 43172 | D:12     | XOM: give mutations
 43172 | D:12     | Lost mutation: You possess an exceptional clarity of mind. [Xom's mischief]
 43172 | D:12     | Gained mutation: You occasionally shout uncontrollably at your foes. [Xom's mischief]
 43203 | D:12     | Lost mutation: You are frail (-10% HP). [evolution]
 43203 | D:12     | Lost mutation: You rapidly evolve. [end of evolution]
 43252 | D:12     | XOM: noise
 43319 | D:11     | Mangled by a white ugly thing

Vault maps used:
D:1:      dpeg_arrival_chambers_temple_mockup, minmay_misc_feat_tower,
          minmay_surrounded
D:2:      uniq_crazy_yiuf_cottage
D:3:      st_stairs_5
D:4:      first_bread
D:5:      minmay_temple_entry_poolview, nicolae_ossuary_entry_ruins,
          serial_shops, nicolae_shop_behind_doors, serial_corexii_hall,
          corexii_hall_statues_s, corexii_hall_statues_deadend
D:6:      grunt_temple_overflow_open, minmay_ogre_servants, uniq_edmund,
          uniq_pikel
D:7:      nicolae_overflow_quartered_altars, xom_redecorated, serial_shops,
          shop, serial_park_tiny_1, nicolae_dithmenos_through_a_glass_darkly,
          uniq_duvessa
D:8:      okawaru_altar_gauntlet_db
D:9:      grunt_temple_overflow_magic_moments, uniq_erolcha
D:10:     david_orc_5, hangedman_pestilent_swarm, st_stairs_11
D:11:     grunt_lair_entry_orc_guard_hut, bh_hangedman_babel_library, uniq_maud,
          uniq_maurice, uniq_urug
D:12:     uniq_josephine
Temple:   hc_temple_tempest_star_small
Ossuary:  ossuary_zaba_two_paths

Skill      XL: |  1  2  3  4  5  6  7  8  9 10 11 12 |
---------------+-------------------------------------+-----
Stealth        | 2 3 4 |  4.1
Polearms       | 4 |  4.8
Dodging        | 3 5 6 8 9 |  9.2
Staves         | 3 6 8 9 10 | 10.2
Spellcasting   | 1 3 4 5 |  5.8
Conjurations   | 1 3 4 5 |  5.5
Charms         | 1 3 4 5 |  5.0
Air Magic      | 1 3 5 6 7 |  7.1
Poison Magic   | 2 4 5 7 |  7.8
Fighting       | |  3.8

Action                   |  1- 3 |  4- 6 |  7- 9 | 10-12 || total
-------------------------+-------+-------+-------+-------++-------
Melee: Spear             |    84 |    95 |       |       ||   179
       Quarterstaff      |       |    27 |   299 |   501 ||   827
       Unarmed           |       |       |     5 |       ||     5
 Cast: Mephitic Cloud    |       |       |       |    15 ||    15
       Repel Missiles    |       |       |       |     2 ||     2
Invok: Call Merchant     |       |       |       |     3 ||     3
       Potion Petition   |       |       |       |     1 ||     1
Evoke: Wand              |       |       |       |    15 ||    15
       Lamp of fire      |       |       |       |     1 ||     1
  Use: Potion            |       |     5 |    10 |     4 ||    19
       Scroll            |       |     8 |     1 |    17 ||    26
 Stab: Sleeping          |    12 |     9 |    25 |    11 ||    57
       Petrifying        |     1 |       |     1 |     3 ||     5
       Invisible         |       |     4 |       |       ||     4
       Confused          |       |     3 |     1 |    10 ||    14
       Petrified         |       |       |     1 |       ||     1
       Paralysed         |       |       |     2 |     1 ||     3
       Distracted        |       |       |     1 |     2 ||     3
  Eat: Chunk             |       |     9 |    15 |    16 ||    40
       Beef jerky        |       |       |     1 |     6 ||     7
       Meat ration       |       |       |     4 |     4 ||     8
       Bread ration      |       |       |     4 |     1 ||     5
       Pizza             |       |       |     2 |       ||     2
       Fruit             |       |       |     1 |    12 ||    13
       Royal jelly       |       |       |       |     5 ||     5
